Get step-by-step instructions on how to execute this build order below. Start the game timer, and the build order will tick by so you can play in parallel with StarCraft on a second screen or mobile device.

Game Time

  0:00

Last Step

  N/A

Next Step

  12  0:00  Probe  

Upcoming Step

  13  0:12  Probe  

Don't want to look back and forth between 2 screens? Try out our Overwolf App, the Spawning Tool Build Advisor to get an in-game overlay with this build!

Complete Build Order

  12  0:00  Probe  
  13  0:12  Probe  
  14  0:19  Pylon  
  14  0:24  Probe (Chrono Boost)  
  15  0:37  Probe (Chrono Boost)  
  15  0:39  Gateway  
  16  0:46  Probe (Chrono Boost)  
  16  0:47  Assimilator  
  17  0:52  Probe  
  18  1:04  Probe  
  19  1:07  Gateway  
  19  1:16  Pylon  
  20  1:24  Zealot (Chrono Boost)  
  19  1:27  Cybernetics Core  
  19  1:30  Probe  
  22  1:42  Zealot (Chrono Boost)  
  22  1:43  Probe  
  25  1:55  Probe  
  25  1:58  Pylon  
  26  2:07  Adept (Chrono Boost)  
  28  2:10  Adept (Chrono Boost)  
  28  2:11  Probe  
  28  2:13  Assimilator  
  31  2:23  Probe, Warp Gate  
  31  2:29  Adept  
  34  2:32  Pylon  
  34  2:40  Adept  
  34  2:43  Probe  
  36  2:55  Probe  
  37  3:01  Adept  
  39  3:17  Nexus  
  39  3:22  Pylon  
  38  3:42  Probe  
  38  3:46  Twilight Council  
  37  3:57  Probe  
  36  4:09  Probe  
  37  4:11  Adept  
  37  4:12  Adept  
  41  4:17  Resonating Glaives (Chrono Boost)  
  41  4:23  Probe (Chrono Boost)  
  36  4:29  Probe (Chrono Boost)  
  35  4:34  Pylon  
  37  4:38  Probe x2 (Chrono Boost)  
  37  4:40  Sentry  
  37  4:41  Adept  
  37  4:45  Probe  
  43  4:46  Probe  
  43  4:54  Gateway  
  43  4:56  Gateway  
  43  4:57  Probe  
  45  5:00  Probe  
  45  5:09  Probe  
  45  5:12  Gateway x2  
  46  5:20  Stalker  
  48  5:22  Probe, Adept  
  48  5:24  Probe  
  48  5:34  Probe  
  49  5:36  Probe  
  50  5:46  Probe, Adept x2  
  50  5:48  Probe  
  56  5:55  Adept x2  
  60  5:58  Probe  
  60  6:00  Probe  
  62  6:05  Pylon  
  62  6:07  Adept  
  62  6:08  Adept x3  
  62  6:11  Pylon  
  67  6:27  Adept x2  
  67  6:28  Adept x3  
  67  6:30  Adept  
  79  6:34  Pylon  
  79  6:35  Dark Shrine, Probe  
  80  6:44  Probe  
  81  6:47  Assimilator  
  81  6:48  Pylon  
  81  6:49  Assimilator  
  81  6:52  Sentry  
  83  7:09  Adept  
  83  7:10  Adept x4  
  83  7:15  Probe